 Seeded DCSS version 0.30.1-9-gdf580d7c3d (webtiles) character file.

Game seed: 6351066067085065685 (custom seed)

292184 Esekla the Archmage (level 19, -9/174 HPs)
             Began as a Deep Elf Wanderer on Oct 12, 2023.
             Was the Champion of Vehumet.
             Mangled by Mennas
             ... wielding a +4 sacred scourge of holy wrath
              (11 damage)
             ... on level 4 of the Vaults on Oct 14, 2023.
             The game lasted 07:07:40 (35224 turns).

Esekla the Archmage (Deep Elf Wanderer)            Turns: 35224, Time: 07:07:41

Health: -9/174     AC: 33    Str:  9    XL:     19   Next: 98%
Magic:  52/52      EV:  2    Int: 27    God:    Vehumet [******]
Gold:   640        SH:  0    Dex: 11    Spells: 6/72 levels left

rFire   . . .        a - +4 long sword (protect)
rCold   . . .        v - +0 buckler
rNeg    + . .        S - melded +1 ring mail "Uronn" {rF+ Regen+ Int+3}
rPois   +            X - melded +2 helmet {Int+3}
rElec   +            c - melded +2 cloak {Stlth+}
rCorr   .            k - melded +0 pair of gloves
SInv    .            W - melded +2 pair of boots {rampage}
Will    +....        u - amulet of magic regeneration
Stlth   +            n - ring of Greed {rElec rPois rN+ AC+4 Str-2}
HPRegen 0.49/turn    p - ring of the Mage {Wiz Archmagi}
MPRegen 0.73/turn

%: wizardry (x1), archmagi
@: confused, mighty, tree-form, ambrosia-drunk, hasted, glowing, very quick
A: stationary, stasis, torment immunity, boosted hp
}: 2/15 runes: barnacled, gossamer
a: Renounce Religion


You were on level 4 of the Vaults.
You worshipped Vehumet.
Vehumet was exalted by your worship.
You were a tree.
You visited 7 branches of the dungeon, and saw 33 of its levels.
You visited the Abyss 2 times.
You visited 1 bazaar.
You also visited: Bailey.

You collected 4614 gold pieces.
You spent 3974 gold pieces at shops.

Inventory:

Hand Weapons
 a - a +4 long sword of protection (weapon)
 e - a +7 demon blade of electrocution
 f - a +4 scimitar of flaming
 r - a +4 trident of venom
 s - the +8 Vampire's Tooth {megavamp}
   (You bought it in a shop in a bazaar)
 L - a +5 scimitar
Missiles
 x - 84 poisoned darts
 K - 7 curare-tipped darts
 O - 28 boomerangs
 Z - 9 silver javelins (quivered)
Armour
 b - a +2 robe of cold resistance
 c - a +2 cloak of stealth (melded)
 k - a +0 pair of gloves (melded)
 v - a +0 buckler (worn)
 P - the +0 mask of the Dragon {Will+ Slay+3 SInv}
   (You bought it in a shop in a bazaar)

   Slay:      It affects your accuracy & damage with ranged weapons and melee
   (+3).
   SInv:      It lets you see invisible.
   Will:      It increases your willpower.
 R - the +1 animal skin "Kougi" {rPois rF++ MP+9}
   (You found it on level 2 of the Shoals)

   rF:        It greatly protects you from fire.
   rPois:     It protects you from poison.
   MP:        It affects your magic capacity (+9).
 S - the +1 ring mail "Uronn" (melded) {rF+ Regen+ Int+3}
   (You found it on level 4 of the Shoals)

   Int:       It affects your intelligence (+3).
   rF:        It protects you from fire.
   Regen:     It increases your rate of health regeneration.
 W - a +2 pair of boots of rampaging (melded)
 X - a +2 helmet of intelligence (melded)
Magical Staves
 d - a staff of death
Jewellery
 g - an amulet of reflection
 l - the ring "Pileq" {Ice Str+4 Dex+3 Slay+2}
   (You found it on level 4 of the Shoals)

   [ring of ice]

   It enhances your ice magic.
   Str:       It affects your strength (+4).
   Dex:       It affects your dexterity (+3).
   Slay:      It affects your accuracy & damage with ranged weapons and melee
   (+2).
   rF:        It makes you vulnerable to fire.
   rC:        It protects you from cold.
 m - the ring of Lies {rPois rN+ rCorr Int+3}
   (You acquired it on level 2 of the Spider Nest)

   [ring of resist corrosion]

   Int:       It affects your intelligence (+3).
   rPois:     It protects you from poison.
   rN:        It protects you from negative energy.
   rCorr:     It protects you from acid and corrosion.
 n - the ring of Greed (left branch) {rElec rPois rN+ AC+4 Str-2}
   (You bought it in a shop on level 2 of the Dungeon)

   [ring of protection]

   AC:        It affects your AC (+4).
   Str:       It affects your strength (-2).
   rElec:     It insulates you from electricity.
   rPois:     It protects you from poison.
   rN:        It protects you from negative energy.
 p - the ring of the Mage (right branch) {Wiz Archmagi}
   (You bought it in a shop on level 2 of the Dungeon)

   [ring of wizardry]

   It improves your spell success rate.
   Archmagi:  It increases the power of your magical spells.
 u - an amulet of magic regeneration (around neck)
 J - a ring of see invisible
Wands
 y - a wand of roots (40)
 B - a wand of flame (33)
 F - a wand of mindburst (8)
 H - a wand of digging (9)
 M - a wand of quicksilver (16)
Scrolls
 q - 3 scrolls of silence
 w - 3 scrolls of magic mapping
 z - 6 scrolls of blinking
 C - 5 scrolls of fear
 E - 3 scrolls of poison
 G - 11 scrolls of teleportation
 N - 5 scrolls of fog
 Y - 5 scrolls of identify
Potions
 i - 8 potions of attraction
 j - 6 potions of curing
 o - 5 potions of magic
 t - 7 potions of brilliance
 A - 6 potions of lignification
 D - 3 potions of resistance
 I - 6 potions of flight
 Q - 9 potions of haste
 T - 3 potions of cancellation
 U - 2 potions of might
 V - 6 potions of ambrosia


   Skills:
 - Level 12.0 Fighting
 + Level 3.0(4.0) Short Blades
 - Level 3.5(4.0) Long Blades
 + Level 1.9 Throwing
 - Level 7.0 Armour
 + Level 13.3 Dodging
 - Level 4.1 Stealth
 - Level 3.4 Shields
 O Level 27 Spellcasting
 - Level 9.0 Conjurations
 - Level 11.3 Necromancy
 - Level 6.4 Translocations
 - Level 6.8 Transmutations
 - Level 8.5 Fire Magic
 - Level 10.3 Ice Magic
 + Level 9.4 Air Magic
 * Level 13.1 Earth Magic
 - Level 5.0 Poison Magic
 + Level 1.0 Invocations
 + Level 0.1 Evocations


You had 6 spell levels left.
You knew the following spells:

 Your Spells              Type           Power      Damage    Failure   Level
b - Blink                 Tloc           100%       N/A       1%          2
c - Mephitic Cloud        Conj/Pois/Air  87%        N/A       1%          3
d - Vampiric Draining     Necr           98%        2d13      1%          3
e - Orb of Destruction    Conj           45%        9d12      2%          7
f - Fireball              Conj/Fire      45%        3d18      1%          5
g - Ozocubu's Refrigerat  Ice            47%        4d18      1%          7
k - Iskenderun's Mystic   Conj/Tloc      87%        2d17      1%          4
l - Lee's Rapid Deconstr  Erth           51%        3d24*     1%          5
n - Ignite Poison         Fire/Tmut/Pois 83%        N/A       1%          3
o - Scorch                Fire           100%       2d9       1%          2
p - Apportation           Tloc           100%       N/A       1%          1
r - Frozen Ramparts       Ice            100%       1d16      1%          3
u - Dispel Undead         Necr           98%        3d31      1%          4
v - Poisonous Vapours     Pois/Air       100%       N/A       1%          2
w - Wereblood             Tmut           84%        N/A       1%          2
x - Olgreb's Toxic Radia  Pois           77%        N/A       1%          4
y - Sticky Flame          Conj/Fire      90%        2d10      1%          4
z - Freezing Cloud        Conj/Ice/Air   46%        6-21      1%          5

Your spell library contained the following spells:

 Spells                   Type           Power      Damage    Failure   Level
 Shatter                  Erth           51%        3d39*     43%         9
 Polar Vortex             Ice            47%        N/A       77%         9
 Chain Lightning          Conj/Air       46%        3d61      88%         9
 Necrotise                Necr           100%       1d9       0%          1
 Sandblast                Erth           100%       2d20      0%          1
 Sublimation of Blood     Necr           98%        N/A       0%          2
 Beastly Appendage        Tmut           100%       N/A       1%          1
 Foxfire                  Conj/Fire      100%       2x1d9     1%          1
 Magic Dart               Conj           100%       1d8       1%          1
 Shock                    Conj/Air       100%       1d9       1%          1
 Sting                    Tmut/Pois      100%       1d8       1%          1
 Call Imp                 Summ           100%       N/A       1%          2
 Cigotuvi's Dreadful Rot  Necr/Pois/Air  100%       N/A       1%          2
 Lesser Beckoning         Tloc           100%       N/A       1%          2
 Passwall                 Tmut/Erth      78%        N/A       1%          2
 Dazzling Flash           Conj/Hex       100%       N/A       1%          3
 Gell's Gravitas          Tloc           82%        N/A       1%          3
 Hailstorm                Conj/Ice       93%        3d18      1%          3
 Inner Flame              Hex/Fire       73%        N/A       1%          3
 Portal Projectile        Hex/Tloc       100%       N/A       1%          3
 Spider Form              Tmut/Pois      80%        N/A       1%          3
 Stone Arrow              Conj/Erth      100%       3d13      1%          3
 Swiftness                Air            92%        N/A       1%          3
 Teleport Other           Tloc           82%        N/A       1%          3
 Vhi's Electric Charge    Tloc/Air       100%       N/A       1%          3
 Volatile Blastmotes      Fire/Tloc      100%       2d18      1%          3
 Airstrike                Air            46%        2d(7-23)  1%          4
 Anguish                  Hex/Necr       39%        N/A       1%          4
 Flame Wave               Conj/Fire      90%        2d19      1%          4
 Ice Form                 Ice/Tmut       90%        N/A       1%          4
 Manifold Assault         Tloc           82%        N/A       1%          4
 Passage of Golubria      Tloc           82%        N/A       1%          4
 Summon Ice Beast         Ice/Summ       77%        N/A       1%          4
 Agony                    Necr           98%        N/A       1%          5
 Arcjolt                  Conj/Air       46%        1d56      1%          5
 Silence                  Hex/Air        37%        N/A       1%          5
 Yara's Violent Unravell  Hex/Tmut       35%        3d14      1%          5
 Conjure Ball Lightning   Conj/Air       46%        3x3d16    1%          6
 Death Channel            Necr           49%        N/A       1%          6
 Plasma Beam              Fire/Air       45%        2x1d65    1%          6
 Starburst                Conj/Fire      45%        6d13      1%          6
 Cause Fear               Hex            26%        N/A       4%          4
 Dispersal                Tloc           41%        N/A       4%          6
 Summon Mana Viper        Hex/Summ       53%        N/A       12%         5
 Lehudib's Crystal Spear  Conj/Erth      48%        10d12     9%          8
 Storm Form               Tmut/Air       44%        N/A       13%         7
 Maxwell's Capacitive Co  Air            46%        ∞         16%         8
 Ignition                 Fire           44%        3d13      22%         8
 Disjunction              Tloc           41%        N/A       87%         8
 Fire Storm               Conj/Fire      45%        8d11      91%         9
 Enfeeble                 Hex            26%        N/A       97%         7
 Summon Hydra             Summ           26%        N/A       97%         7


Dungeon Overview and Level Annotations

Branches:
Dungeon (13/15)            Temple (0/1) D:6            Lair (5/5) D:11
 Shoals (4/4) Lair:2       Spider (4/4) Lair:3        Slime (0/5) Lair:5
    Orc (2/2) D:10            Elf (1/3) Orc:2        Vaults (4/5) D:13
  Crypt (0/3) Vaults:2     Bailey (visited)

Altars:
Dithmenos
Fedhas
Hepliaklqana
Nemelex Xobeh
Okawaru
Qazlal
Ru
Trog
Uskayaw
Vehumet
Zin
The Shining One
Jiyva

Shops:
D:2 =   D:4 (   D:11 *   Orc:2 **[:   Shoals:2 (   Shoals:3 !   Vaults:1 [

Portals:
Pandemonium: Orc:2
Trove: D:12 (lose all piety)

Annotations:
Vaults:4 Mennas


Message History

There is a stone staircase leading up here.
Okay, then.
Mennas attacks as you move away!
Mennas hits you with a +4 sacred scourge of holy wrath!!
* * * LOW HITPOINT WARNING * * *
Mennas hits you with a +4 sacred scourge of holy wrath.
* * * LOW HITPOINT WARNING * * *
Mennas burns!
You feel much better.
Mennas burns!
Mennas hits you with a +4 sacred scourge of holy wrath!
* * * LOW HITPOINT WARNING * * *
Mennas hits you but does no damage.
Okay, then.
Really quaff the potion of attraction?
Okay, then.
Unknown command.
Really quaff the potion of lignification?
You turn into a tree.
Your +2 cloak of stealth melds into your body.
Your +2 helmet of intelligence melds into your body.
Your +0 pair of gloves melds into your body.
Your +2 pair of boots of rampaging melds into your body.
The +1 ring mail "Uronn" {rF+ Regen+ Int+3} melds into your body.
You feel less stealthy.
You feel stupid.
You no longer feel able to rampage towards enemies.
Your roots penetrate the ground.
Mennas hits you but does no damage. x2
You are confused.
You feel invigorated.
Mennas burns!
Mennas hits you but does no damage.
Mennas hits you with a +4 sacred scourge of holy wrath!
* * * LOW HITPOINT WARNING * * *
You are too confused!
Unknown command.
You swing at nothing.
Mennas burns!
Mennas hits you but does no damage. Mennas completely misses you.
You swing at nothing.
Mennas burns!
Mennas becomes audible again.
Mennas hits you with a +4 sacred scourge of holy wrath!
* * * LOW HITPOINT WARNING * * *
Mennas hits you with a +4 sacred scourge of holy wrath!
You die...

###+#####
#.......#
#.......#
#.♣A....#
#......(#
#.......#
#.......#
#.......#
#########


You could see Mennas (burning).

Vanquished Creatures
  Mara (Spider:4)
  Rupert (Lair:4)
  2 liches (Abyss:2)
  2 krakens
  4 sphinxes
  3 tentacled starspawn (Abyss:2)
  Ilsuiw (Shoals:3)
  9 emperor scorpions
  A deep elf sorcerer (Elf:1)
  3 ghost moths
  6 vault wardens
  3 orc warlords
  9 ironbound thunderhulks
  6 ironbound preservers
  12 very ugly things
  4 war gargoyles (Vaults:2)
  A broodmother (Spider:3)
  A vampire knight (Vaults:2)
  A deep elf demonologist (Elf:1)
  Azrael (Orc:2)
  2 starcursed masses
  6 dire elephants
  2 deep elf annihilators (Elf:1)
  A minotaur (Shoals:4)
  2 spark wasps
  2 eidola (Vaults:2)
  5 entropy weavers
  A deep elf death mage (Elf:1)
  4 merfolk impalers
  4 fire dragons
  5 great orbs of eyes
  2 yaktaur captains
  3 merfolk javelineers (Shoals:3)
  A rakshasa (Abyss:2)
  A juggernaut simulacrum (Abyss:2)
  A deep elf high priest (Elf:1)
  3 hydras
  2 peacekeepers (Vaults:2)
  Harold (D:9)
  4 boulder beetles
  7 vault guards
  9 ironbound frosthearts
  A demonspawn (Orc:2)
  4 merfolk aquamancers
  4 radroaches
  16 satyrs
  4 centaur warriors
  A catoblepas (Lair:5)
  3 jorogumos
  An alligator snapping turtle (Shoals:3)
  4 dancing weapons (Elf:1)
  4 merfolk avatars
  4 two-headed ogres
  A vampire mage (Vaults:2)
  A hell hog (Abyss:2)
  3 orc high priests (Orc:2)
  2 wretched stars (Abyss:2)
  2 pharaoh ants
  2 shadow wraiths
  A sixfirhy (Abyss:2)
  A skeletal warrior (D:13)
  A sun moth (Spider:1)
  A flayed ghost (Abyss:2)
  Lodul (D:11)
  12 sea snakes
  14 deep trolls
  4 skysharks
  10 orb spiders
  A deep elf archer (Elf:1)
  2 glowing orange brains
  Pikel (D:6)
  A swamp dragon (Lair:5)
  11 ironbound convokers
  3 steelbarb worms
  28 harpies
  5 lindwurms
  4 large abominations
  An oklob plant (Lair:5)
  8 wizards
  9 deep elf pyromancers
  7 deep elf zephyrmancers (Elf:1)
  22 ugly things
  8 wolf spiders
  24 fauns
  11 orc knights
  A worldbinder (Abyss:2)
  9 cyclopes
  11 orc sorcerers
  3 moths of wrath
  Joseph (D:7)
  22 manticores
  5 merfolk sirens
  A black mamba (shapeshifter) (D:13)
  2 black mambas
  7 water nymphs
  A guardian serpent (Abyss:2)
  7 torpor snails
  An apocalypse crab (Abyss:2)
  2 gargoyles
  5 smoke demons
  17 vault sentinels
  9 elephants (Lair:5)
  3 demonic crawlers
  An orange demon (Abyss:3)
  11 cane toads
  Psyche (D:11)
  3 rime drakes
  16 komodo dragons
  An unseen horror (D:13)
  A freezing wraith (Vaults:2)
  3 kobold demonologists
  19 yaktaurs
  A tengu conjurer (D:13)
  28 merfolk
  A red devil (Orc:2)
  An ancient zyme (Abyss:2)
  A troll (shapeshifter) (Elf:1)
  3 tyrant leeches (Lair:5)
  A polar bear (D:11)
  7 trolls
  A minotaur skeleton (Abyss:3)
  9 tarantellas
  3 wind drakes
  9 raiju
  11 blink frogs
  12 hornets
  11 jumping spiders
  4 centaur simulacra (D:11)
  17 slime creatures
  A shadow (Abyss:2)
  8 snapping turtles
  12 spriggans (Lair:3)
  An air elemental (Elf:1)
  2 vampires
  7 culicivoras
  5 water elementals
  3 wraiths
  33 yaks
  5 basilisks
  2 chaos spawn
  A neqoxec (Abyss:2)
  3 steam dragons
  5 wyverns
  A vampire mosquito (D:13)
  3 fire elementals (Orc:2)
  29 redbacks
  Menkaure (D:7)
  3 wargs
  4 hell hounds (Orc:2)
  3 acid dragons
  6 ice beasts
  14 water moccasins
  2 swamp drakes (Lair:5)
  A sky beast (D:6)
  43 orc warriors
  2 black bears
  18 ogres
  2 centaurs
  12 wolves
  3 boggarts (Lair:3)
  A phantom (D:7)
  A lemure (D:6)
  Blork the orc (D:6)
  6 kobold brigands
  4 gnoll sergeants
  2 earth elementals
  10 bullfrogs
  3 scorpions
  10 wights
  21 killer bees
  2 howler monkeys (D:10)
  An electric eel (D:11)
  3 quasits
  3 gnoll boudas
  6 hounds
  A jelly (D:6)
  Crazy Yiuf (D:7)
  32 orc priests
  2 iron imps
  A sleepcap (D:5)
  7 iguanas
  12 hell rats
  14 orc wizards
  4 small abominations
  34 gnolls
  9 adders
  3 shadow imps (D:8)
  9 white imps
  5 ufetubi
  A worm (D:4)
  3 dart slugs
  94 orcs
  4 endoplasms
  9 goblins
  7 hobgoblins
  A quokka (D:1)
  3 training dummies (Shoals:2)
  6 ball pythons
  4 bats
  4 frilled lizards
  24 kobolds
  A rat (D:2)
  A butterfly (Lair:4)
  A lurking horror (Abyss:2)
  A starspawn tentacle (Abyss:2)
  A tentacle (Shoals:3)
1278 creatures vanquished.

Vanquished Creatures (others)
  A harpy zombie (Abyss:2)
  A large abomination (Abyss:3)
  An orc (D:8)
  5 starspawn tentacles (Abyss:2)
  11 tentacles
19 creatures vanquished.

Grand Total: 1297 creatures vanquished

Notes
Turn   | Place    | Note
-------+----------+-------------------------------------------
     0 | D:1      | Esekla the Deep Elf Wanderer began the quest for the Orb.
     0 | D:1      | Esekla set off with the following items: a +0 club, a
                  | potion of lignification, a +0 robe, a +0 buckler; and the
                  | following spells available to memorise: Apportation, Blink,
                  | Lesser Beckoning, Magic Dart, Ignite Poison, Vampiric
                  | Draining.
     0 | D:1      | Reached XP level 1. HP: 10/10 MP: 7/7
     2 | D:1      | Learned a level 1 spell: Magic Dart
     4 | D:1      | Learned a level 1 spell: Apportation
   221 | D:2      | Found Renulab's Jewellery Shop.
   472 | D:4      | Found a radiant altar of Vehumet.
   480 | D:4      | Found an iron altar of Okawaru.
   491 | D:4      | Found a glowing silver altar of Zin.
   575 | D:4      | Became a worshipper of Vehumet
   900 | D:3      | Reached XP level 2. HP: 15/15 MP: 5/9
   903 | D:3      | Learned a level 2 spell: Blink
  1060 | D:3      | Identified the +5 rapier of the Hero {heavy, rN+ Dex+3}
  1085 | D:2      | Reached skill level 5 in Spellcasting
  1182 | D:5      | Entered Level 5 of the Dungeon
  1185 | D:5      | Got the Parchment of the Lumpy Olives
  1215 | D:5      | Found a shadowy altar of Dithmenos.
  1348 | D:5      | Reached skill level 1 in Dodging
  1348 | D:5      | Reached XP level 3. HP: 18/19 MP: 11/11
  1352 | D:5      | Learned a level 3 spell: Vampiric Draining
  1420 | D:2      | Noticed a black bear
  1502 | D:2      | Reached skill level 1 in Necromancy
  1629 | D:3      | Found a hazy altar of Hepliaklqana.
  1631 | D:3      | Found a bloodstained altar of Trog.
  1643 | D:3      | Reached XP level 4. HP: 19/24 MP: 10/13
  1660 | D:3      | Found a stormy altar of Qazlal.
  1798 | D:3      | Reached * piety under Vehumet
  1798 | D:3      | Offered knowledge of Freeze by Vehumet.
  2140 | D:1      | Learned a level 3 spell: Teleport Other
  2284 | D:1      | Reached skill level 6 in Spellcasting
  2284 | D:1      | Reached XP level 5. HP: 23/27 MP: 9/15
  2335 | D:2      | Found a faded altar of an unknown god.
  2368 | D:2      | Reached skill level 1 in Conjurations
  2411 | D:2      | Killed a black bear
  2412 | D:2      | Reached XP level 6. HP: 23/32 MP: 10/17
  2773 | D:4      | Found Ponaysk's Antique Weapon Boutique.
  2938 | D:4      | Reached ** piety under Vehumet
  2943 | D:4      | Found a glowing golden altar of the Shining One.
  3028 | D:5      | Offered knowledge of Scorch by Vehumet.
  3033 | D:5      | Learned a level 2 spell: Scorch
  3063 | D:5      | Reached skill level 1 in Short Blades
  3063 | D:5      | Reached skill level 7 in Spellcasting
  3200 | D:5      | Reached skill level 1 in Fire Magic
  3465 | D:4      | Reached XP level 7. HP: 36/36 MP: 20/20
  3584 | D:5      | Reached skill level 8 in Spellcasting
  4318 | D:5      | Offered knowledge of Mephitic Cloud by Vehumet.
  4323 | D:5      | Learned a level 3 spell: Mephitic Cloud
  4327 | D:5      | Learned a level 3 spell: Ignite Poison
  4440 | D:6      | Found a staircase to the Ecumenical Temple.
  4476 | D:6      | Reached skill level 9 in Spellcasting
  4626 | D:6      | Noticed Pikel
  4790 | D:6      | Killed Pikel
  4791 | D:6      | Reached skill level 1 in Transmutations
  4791 | D:6      | Reached skill level 1 in Air Magic
  4791 | D:6      | Reached skill level 1 in Poison Magic
  4791 | D:6      | Reached XP level 8. HP: 37/41 MP: 8/23
  4985 | D:6      | Reached skill level 10 in Spellcasting
  5048 | D:7      | Found a runed translucent door.
  5049 | D:7      | Noticed Crazy Yiuf
  5056 | D:7      | Killed Crazy Yiuf
  5189 | D:7      | Noticed Menkaure
  5192 | D:7      | Killed Menkaure
  5216 | D:7      | Reached *** piety under Vehumet
  5223 | D:7      | Reached XP level 9. HP: 44/45 MP: 14/25
  5650 | D:6      | Noticed Blork the orc
  5667 | D:6      | Killed Blork the orc
  5870 | D:6      | Reached skill level 11 in Spellcasting
  5891 | D:6      | Offered knowledge of Flame Wave by Vehumet.
  5895 | D:6      | Found a blossoming altar of Fedhas.
  5929 | D:6      | Learned a level 4 spell: Flame Wave
  6087 | D:7      | Reached skill level 5 in Fire Magic
  6209 | D:7      | Noticed Joseph
  6245 | D:7      | Killed Joseph
  6246 | D:7      | Reached skill level 1 in Throwing
  6246 | D:7      | Reached skill level 5 in Necromancy
  6574 | D:8      | Reached skill level 5 in Dodging
  6574 | D:8      | Reached **** piety under Vehumet
  6609 | D:8      | Offered knowledge of Lee's Rapid Deconstruction by Vehumet.
  6627 | D:7      | Learned a level 5 spell: Lee's Rapid Deconstruction
  6703 | D:8      | Reached skill level 12 in Spellcasting
  6730 | D:8      | Noticed a two-headed ogre
  6907 | D:8      | Found a transporter.
  6907 | D:8      | Found a transporter.
  6908 | D:8      | Found a transporter.
  6913 | D:8      | Found a transporter.
  7083 | D:8      | Found a hide-covered altar of Uskayaw.
  7245 | D:8      | Killed a two-headed ogre
  7246 | D:8      | Reached skill level 1 in Earth Magic
  7246 | D:8      | Reached XP level 10. HP: 50/50 MP: 28/28
  7745 | D:9      | Found a flagged portal.
  7783 | Bailey   | Entered a bailey
  7916 | Bailey   | Identified the +2 bardiche of Puhoisos {heavy, rElec
                  | Stlth+}
  8081 | Bailey   | Noticed an orc knight
  8081 | Bailey   | Noticed an orc knight
  8123 | Bailey   | Killed an orc knight
  8148 | Bailey   | Killed an orc knight
  8149 | Bailey   | Reached skill level 13 in Spellcasting
  8499 | D:9      | Reached ***** piety under Vehumet
  8502 | D:9      | Offered knowledge of Ozocubu's Refrigeration by Vehumet.
  8514 | D:9      | Learned a level 7 spell: Ozocubu's Refrigeration
  8518 | D:9      | Noticed a cyclops
  8538 | D:9      | Killed a cyclops
  8539 | D:9      | Reached skill level 1 in Fighting
  8638 | D:9      | Reached skill level 1 in Ice Magic
  8700 | D:9      | Noticed a cyclops
  8710 | D:9      | Killed a cyclops
  8711 | D:9      | Reached XP level 11. HP: 56/56 MP: 25/30
  8869 | D:9      | Found a sparkling altar of Nemelex Xobeh.
  8912 | D:9      | Noticed a two-headed ogre
  8918 | D:9      | Killed a two-headed ogre
  8973 | D:9      | Noticed Harold
  8984 | D:9      | Killed Harold
  9135 | D:10     | Entered Level 10 of the Dungeon
  9413 | D:10     | Found a sacrificial altar of Ru.
  9764 | D:10     | Found a staircase to the Orcish Mines.
  9934 | Orc:1    | Entered Level 1 of the Orcish Mines
  9936 | Orc:1    | Noticed an orc knight
  9949 | Orc:1    | Killed an orc knight
  9956 | Orc:1    | Reached skill level 14 in Spellcasting
 10327 | D:2      | Bought the ring of the Mage {Wiz Archmagi} for 714 gold
                  | pieces
 10327 | D:2      | Found the ring of the Mage {Wiz Archmagi}
 10622 | D:11     | Reached skill level 1 in Armour
 10679 | D:11     | Noticed Psyche
 10681 | D:11     | Noticed a two-headed ogre
 10687 | D:11     | Killed Psyche
 10693 | D:11     | Killed a two-headed ogre
 10739 | D:11     | Got Simple Magic
 10779 | D:11     | Offered knowledge of Freezing Cloud by Vehumet.
 10921 | D:12     | Reached XP level 12. HP: 58/67 MP: 32/32
 11199 | D:12     | Learned a level 5 spell: Freezing Cloud
 11202 | D:12     | Learned a level 2 spell: Poisonous Vapours
 11208 | D:12     | Learned a level 5 spell: Fireball
 11260 | D:12     | Found a portal to a secret trove of treasure.
 11468 | D:12     | Learned a level 2 spell: Wereblood
 11650 | D:11     | Noticed Lodul
 11653 | D:11     | Killed Lodul
 11654 | D:11     | Reached skill level 5 in Air Magic
 11662 | D:11     | Reached skill level 5 in Fighting
 11691 | D:11     | Reached skill level 15 in Spellcasting
 11699 | D:11     | Reached skill level 5 in Conjurations
 11830 | D:11     | Found a staircase to the Lair.
 11892 | D:11     | Found Fagafuf's Pet Rocks.
 12317 | Lair:1   | Entered Level 1 of the Lair of Beasts
 12507 | Lair:1   | Offered knowledge of Arcjolt by Vehumet.
 13242 | Lair:2   | Reached skill level 5 in Poison Magic
 13256 | Lair:2   | You fall into a shaft and drop 1 floor!
 13262 | Lair:3   | Identified the +3 leather armour of Okawaru's Inspiration
                  | {Str+4}
 13291 | Lair:3   | Found a hole to the Spider Nest.
 13379 | Lair:2   | Reached skill level 5 in Translocations
 13757 | Lair:2   | Reached skill level 5 in Ice Magic
 13801 | Lair:2   | Reached XP level 13. HP: 74/74 MP: 34/34
 13808 | Lair:2   | Reached skill level 16 in Spellcasting
 13875 | Lair:2   | Found a transporter.
 13875 | Lair:2   | Found a transporter.
 14092 | Lair:2   | Found a staircase to the Shoals.
 14567 | D:2      | Bought the ring of Greed {rElec rPois rN+ AC+4 Str-2} for
                  | 758 gold pieces
 14955 | Lair:3   | Reached skill level 5 in Earth Magic
 15096 | Lair:3   | Reached skill level 5 in Transmutations
 15316 | Lair:4   | Noticed Rupert
 15810 | Lair:4   | Learned a level 4 spell: Sticky Flame
 15868 | Lair:4   | Killed Rupert
 15942 | Lair:4   | Reached skill level 17 in Spellcasting
 16192 | Lair:5   | Entered Level 5 of the Lair of Beasts
 16339 | Lair:5   | Reached XP level 14. HP: 82/82 MP: 18/37
 16405 | Lair:5   | Offered knowledge of Eringya's Noxious Bog by Vehumet.
 16692 | Lair:5   | Found a viscous altar of Jiyva.
 16692 | Lair:5   | Found a staircase to the Slime Pits.
 16903 | Lair:5   | Got Utragud's Papyrus of the Inquisitive Olives
 17010 | Lair:5   | Found a runed translucent door.
 17059 | Lair:5   | Reached skill level 18 in Spellcasting
 17309 | Lair:5   | Reached skill level 10 in Necromancy
 17561 | Orc:2    | Entered Level 2 of the Orcish Mines
 17849 | Orc:2    | Noticed an orc warlord
 17890 | Orc:2    | Killed an orc warlord
 18015 | Orc:2    | Found a staircase to the Elven Halls.
 18147 | Orc:2    | Reached ****** piety under Vehumet
 18282 | Orc:2    | Found Roezostra's General Store.
 18285 | Orc:2    | Found Bamnuus's General Store.
 18302 | Orc:2    | Offered knowledge of Orb of Destruction by Vehumet.
 18311 | Orc:2    | Learned a level 7 spell: Orb of Destruction
 18384 | Orc:2    | Noticed Azrael
 18389 | Orc:2    | Killed Azrael
 18544 | Orc:2    | Reached skill level 19 in Spellcasting
 18599 | Orc:2    | Reached XP level 15. HP: 89/89 MP: 38/40
 18604 | Orc:2    | Paralysed by an orc sorcerer for 2 turns
 18621 | Orc:2    | Found Jyohez's Book Shop.
 18621 | Orc:2    | Found Huzal's Antique Armour Boutique.
 18622 | Orc:2    | Found a one-way gate leading to the halls of Pandemonium.
 18626 | Orc:2    | Bought a runed helmet for 270 gold pieces
 18643 | Orc:2    | Bought a Young Poisoner's Handbook for 300 gold pieces
 18648 | Orc:2    | Learned a level 4 spell: Olgreb's Toxic Radiance
 18722 | Orc:1    | Offered knowledge of Yara's Violent Unravelling by Vehumet.
 19065 | Elf:1    | Entered Level 1 of the Elven Halls
 19071 | Elf:1    | Reached skill level 5 in Armour
 19096 | Elf:1    | Reached skill level 10 in Dodging
 19298 | Elf:1    | Noticed a deep elf sorcerer
 19300 | Elf:1    | Killed a deep elf sorcerer
 19877 | Elf:1    | Reached skill level 20 in Spellcasting
 20120 | Spider:1 | Entered Level 1 of the Spider Nest
 20167 | Spider:1 | Identified the +1 pair of boots of Piysunuo {Str+3}
 21741 | Spider:2 | Acquired the ring of Lies {rPois rN+ rCorr Int+3}
 21743 | Spider:2 | Acquired the Vellum of Wild Transmutation
 21745 | Spider:2 | Acquired a book of Spectacle
 21987 | D:2      | Bought a ring of see invisible for 210 gold pieces
 22299 | Spider:3 | Noticed an emperor scorpion
 22321 | Spider:2 | Killed an emperor scorpion
 22516 | Spider:3 | Reached XP level 16. HP: 96/96 MP: 42/42
 22651 | Spider:3 | Offered knowledge of Spellforged Servitor by Vehumet.
 23456 | Spider:4 | Entered Level 4 of the Spider Nest
 23481 | Spider:4 | Noticed Mara
 23649 | Spider:4 | Reached skill level 21 in Spellcasting
 23755 | Spider:4 | Noticed Esekla's illusion
 23758 | Spider:4 | Killed Mara
 23759 | Spider:4 | Reached skill level 10 in Fighting
 24728 | Spider:4 | Got a gossamer rune of Zot
 24884 | Shoals:1 | Entered Level 1 of the Shoals
 24974 | Shoals:1 | Offered knowledge of Shatter by Vehumet.
 24974 | Shoals:1 | Offered knowledge of Chain Lightning by Vehumet.
 24974 | Shoals:1 | Offered knowledge of Polar Vortex by Vehumet.
 25503 | Shoals:2 | Reached skill level 22 in Spellcasting
 25660 | Shoals:1 | Reached XP level 17. HP: 88/104 MP: 42/45
 25926 | Shoals:2 | Reached skill level 1 in Long Blades
 26120 | Shoals:2 | Found Biskeott's Firing Range.
 26719 | Shoals:3 | Found Zemonaik's Distillery.
 26813 | Shoals:3 | Noticed Ilsuiw
 26841 | Shoals:3 | Killed Ilsuiw
 27045 | Shoals:3 | Noticed a kraken
 27053 | Shoals:3 | Killed a kraken
 27114 | Shoals:3 | Learned a level 3 spell: Frozen Ramparts
 27470 | Shoals:2 | Identified the +1 animal skin "Kougi" {rPois rF++ MP+9}
 27529 | Shoals:4 | Entered Level 4 of the Shoals
 27775 | Shoals:4 | Identified the +1 ring mail "Uronn" {rF+ Regen+ Int+3}
 27818 | Shoals:4 | Reached skill level 23 in Spellcasting
 27998 | Shoals:4 | Noticed a kraken
 28002 | Shoals:4 | Killed a kraken
 28018 | Shoals:4 | Reached skill level 10 in Ice Magic
 28261 | Shoals:4 | Reached XP level 18. HP: 72/111 MP: 47/47
 28263 | Shoals:4 | Got Cuuv Rytt's Atlas of Hot Beguiling
 28263 | Shoals:4 | Got a barnacled rune of Zot
 28407 | Shoals:4 | Learned a level 7 spell: Ozocubu's Refrigeration
 28601 | Shoals:4 | Identified the ring "Pileq" {Ice Str+4 Dex+3 Slay+2}
 29691 | D:13     | Found a gate to the Vaults.
 29963 | Vaults:1 | Entered Level 1 of the Vaults
 30024 | Vaults:1 | Reached skill level 10 in Earth Magic
 30027 | Vaults:1 | Reached skill level 24 in Spellcasting
 30099 | Vaults:1 | Identified the +9 arbalest of Xom's Indignation {penet,
                  | Dex+4 Stlth+}
 30378 | Vaults:1 | Found Emogyl Osee's Armour Boutique.
 31207 | Abyss:2  | Cast into level 2 of the Abyss (a wizard)
 31504 | Abyss:2  | Noticed a tentacled monstrosity
 31564 | Abyss:2  | Found a corrupted altar of Lugonu.
 31634 | Abyss:2  | Reached skill level 25 in Spellcasting
 31748 | Vaults:2 | Escaped the Abyss
 31800 | Vaults:2 | Paralysed by a vampire knight for 5 turns
 31820 | Vaults:2 | Found a staircase to the Crypt.
 31849 | Vaults:2 | Found a flickering gateway to a bazaar.
 31929 | Vaults:2 | Reached XP level 19. HP: 87/116 MP: 40/50
 31986 | Bazaar   | Entered a bazaar
 32004 | Bazaar   | Found Huts's Armour Emporium.
 32004 | Bazaar   | Found Fuoqy's Distillery.
 32025 | Bazaar   | Found Luehida's Magic Scroll Shoppe.
 32040 | Bazaar   | Found Subykus's Antique Weapon Emporium.
 32040 | Bazaar   | Found Zefiutze's Weapon Shoppe.
 32061 | Bazaar   | Found Gopir's Armour Shoppe.
 32140 | Bazaar   | Bought a potion of curing for 21 gold pieces
 32140 | Bazaar   | Bought a potion of mutation for 56 gold pieces
 32146 | Bazaar   | Bought a +1 cloak of stealth for 181 gold pieces
 32160 | Bazaar   | Bought a scroll of blinking for 82 gold pieces
 32174 | Bazaar   | Bought the +8 Vampire's Tooth {megavamp} for 540 gold
                  | pieces
 32174 | Bazaar   | Found the +8 Vampire's Tooth {megavamp}
 32180 | Bazaar   | Bought a glowing long sword for 175 gold pieces
 32195 | Bazaar   | Bought the +0 mask of the Dragon {Will+ Slay+3 SInv} for
                  | 367 gold pieces
 32195 | Bazaar   | Found the +0 mask of the Dragon {Will+ Slay+3 SInv}
 32479 | Abyss:2  | Cast into level 2 of the Abyss (a wizard)
 32501 | Abyss:2  | Reached skill level 26 in Spellcasting
 32541 | Abyss:2  | Noticed a bone dragon
 32597 | Abyss:2  | Noticed a bone dragon
 32729 | Abyss:2  | Found a corrupted altar of Lugonu.
 32733 | Abyss:2  | Found a corrupted altar of Lugonu.
 32733 | Abyss:2  | Found a corrupted altar of Lugonu.
 32895 | Abyss:3  | Found a corrupted altar of Lugonu.
 33132 | Abyss:3  | Learned a level 4 spell: Iskenderun's Mystic Blast
 33134 | Vaults:2 | Escaped the Abyss
 33214 | Vaults:2 | Paralysed by a great orb of eyes for 5 turns
 33357 | Vaults:2 | HP: 5/116 [ironbound frostheart/creeping frost (32)]
 33736 | Vaults:2 | Reached skill level 27 in Spellcasting
 33990 | Vaults:2 | Learned a level 4 spell: Dispel Undead
 34629 | Shoals:3 | Bought a potion of heal wounds for 75 gold pieces
 34629 | Shoals:3 | Bought a potion of heal wounds for 75 gold pieces
 34629 | Shoals:3 | Bought 2 potions of heal wounds for 150 gold pieces
 35096 | Vaults:3 | Noticed Mennas
 35219 | Vaults:4 | HP: 2/116 [Mennas/+4 sacred scourge of holy wrath (29)]
 35224 | Vaults:4 | HP: 2/174 [Mennas/+4 sacred scourge of holy wrath (16)]
 35224 | Vaults:4 | Mangled by Mennas

Illustrated notes

Levels and vault maps discovered:
D:1:      sevenhm_arrival_forest_fort_small_3, layout_rooms,
          chequers_serial_rivers_room_b, minmay_misc_feat_five
D:2:      layout_loops_ring, dreamdust_ecumenical_altar_angels_and_demons,
          serial_shops, shop
D:3:      layout_basic, grunt_temple_overflow_open, minmay_misc_feat_iff
D:4:      layout_basic, nicolae_overflow_quartered_altars, serial_shops,
          nicolae_diamond_shop
D:5:      layout_loops_ring, lemuel_doored_altar, minmay_misc_feat_rows,
          dreamdust_wishing_well
D:6:      layout_loops_cross, fedhas_altar_fruit_tree,
          minmay_temple_entry_glass, uniq_pikel, uniq_blork_the_orc
D:7:      layout_basic, uniq_menkaure, uniq_joseph, uniq_crazy_yiuf_cottage
D:8:      layout_basic, nicolae_uskayaw_dance_hall, serial_demonic,
          serial_demonic_d, serial_demonic_a, serial_demonic_c,
          serial_demonic_c, nicolae_diode_quadrants
D:9:      layout_irregular_city, kennysheep_little_box, enter_bailey_4,
          minmay_between, uniq_harold
D:10:     layout_basic, nicolae_ru_awakened_eye
D:11:     layout_rooms, hellmonk_lair_entry_icy, serial_ice, serial_ice_j,
          serial_ice_m, serial_ice_o, serial_ice_c, serial_ice_g, serial_ice_f,
          guppyfry_shop_earth, uniq_psyche, uniq_lodul
D:12:     layout_roguey, nicolae_trove_entry_crossroad
D:13:     layout_loops_ring, lightli_vaults_fourway_checkpoint
Lair:1:   layout_small_grid
Lair:2:   gammafunk_boulding_lane, layout_small_grid, elwin_shoals_entry_rooms
Lair:3:   kb_forest_paths, layout_chaotic_city, spider_nest_entry_rubble
Lair:4:   layout_hall_layers, grunt_megastairs_3, lemuel_fruit_fields,
          uniq_rupert
Lair:5:   guppyfry_lair_end_dragon, layout_misc_corridors, wormcave,
          dpeg_slime_entry_enclosed
Shoals:1: layout_shoals, nicolae_shoals_nautilus_by_nature
Shoals:2: argonaut_golden_fleece, layout_shoals, nicolae_shop_firing_range
Shoals:3: layout_shoals, serial_shops, shop, nicolae_shoals_lost_giant_hut,
          uniq_ilsuiw
Shoals:4: shoals_end_hellmonk_lost_city, serial_shops
Spider:1: layout_spider_delve, nicolae_spider_some_kinda_spiderbox
Spider:2: layout_spider_delve, nicolae_spider_twisty_arc_passages
Spider:3: layout_chambers, nicolae_orb_stairs
Spider:4: grunt_spider_rune_circles, guppyfry_hornet_nest, uniq_mara
Orc:1:    layout_caves
Orc:2:    pf_orc_diabolical, layout_diamond_mine, uniq_azrael
Elf:1:    minmay_elf_arrival_plus, layout_loops_cross,
          kennysheep_underground_church
Vaults:1: vaults_dpeg_emergency_exit, nicolae_vaults_ellipses_ellipsis,
          nicolae_vaults_variable_pillar_hall, v_misc_22, v_misc_33,
          nicolae_vaults_closet_pinwheel_3, v_alt_pattern_4, v_alt_pattern_4,
          nicolae_vaults_tetromino_Z_2, nicolae_vaults_taking_the_gang_shopping,
          nicolae_vaults_spaceships, v_misc_33, nicolae_vaults_shelves_hall,
          nicolae_vaults_trapezoid_lopsided_1, nicolae_vaults_little_ls,
          layout_vaults_ring
Vaults:2: ontoclasm_vaults_bender, nicolae_vaults_storage_closets_1, v_misc_9,
          vaults_room_pools, nicolae_vaults_more_shelving_2, v_misc_14,
          vaults_standard_mumra_lines, hangedman_vaults_stream,
          nicolae_vaults_windows_and_doors_thing,
          minmay_crypt_entry_simple_corners, nicolae_vaults_stand_back,
          vaults_dpeg_diagonal, nicolae_vaults_little_squares_5,
          layout_vaults_omnibox, serial_shops, bzr_entry_gold
Vaults:3: nicolae_vaults_three_branches, v_misc_15, vaults_standard_mumra_x,
          v_misc_13, ontoclasm_vaults_loading_screen, nicolae_vaults_tangram_1,
          nicolae_vaults_display_case, vaults_room_ringed_pool,
          nicolae_vaults_octothorpe, vaults_mumra_minichess,
          nicolae_vaults_variable_pillar_hall, v_alt_pattern_6,
          nicolae_vaults_tetromino_L_1, nicolae_vaults_trapezoid_3,
          layout_vaults_big_room, uniq_mennas
Vaults:4: nicolae_vaults_network_periphery, nicolae_vaults_angled_halls,
          ontoclasm_vaults_twist, door_vault, nicolae_vaults_more_shelving_1,
          nicolae_vaults_yaktaur_gun_rack, hangedman_vaults_slither, v_rooms_1,
          ontoclasm_vaults_claustrophobia, nicolae_vaults_trapezoid_lopsided_1,
          grunt_vaults_focal, hangedman_vaults_slice, layout_vaults_omnicross,
          serial_shops, shop

Skill      XL: |  1  2  3  4  5  6  7  8  9 10 11 12 13 14 15 16 17 18 19 |
---------------+----------------------------------------------------------+-----
Spellcasting   | 5 6 7 9 10 12 13 14 15 17 19 20 22 23 25 27 | 27.0
Dodging        | 1 2 3 4 5 6 7 8 9 10 11 12 13 | 13.3
Necromancy     | 1 2 3 4 5 7 8 9 10 11 | 11.3
Translocations | 3 4 5 6 |  6.4
Conjurations   | 1 2 3 4 5 6 7 8 9 |  9.0
Short Blades   | 1 2 3 |  3.0
Fire Magic     | 1 3 4 5 6 7 8 |  8.5
Transmutations | 1 2 3 4 5 6 |  6.8
Air Magic      | 1 2 3 4 5 6 7 9 |  9.4
Poison Magic   | 1 2 3 4 5 |  5.0
Throwing       | 1 |  1.9
Stealth        | 2 3 4 |  4.1
Earth Magic    | 1 2 4 5 7 8 9 10 13 | 13.1
Fighting       | 1 4 5 7 8 9 10 11 12 | 12.0
Ice Magic      | 1 3 5 6 7 8 9 10 | 10.3
Armour         | 1 3 4 6 7 |  7.0
Shields        | 2 3 |  3.4
Long Blades    | 1 2 3 |  3.5
Invocations    | |  1.0
Evocations     | |  0.1

Action                     |  1- 3 |  4- 6 |  7- 9 | 10-12 | 13-15 | 16-18 | 19-21 || total
---------------------------+-------+-------+-------+-------+-------+-------+-------++-------
  Melee: Short sword       |    32 |    17 |       |       |       |       |       ||    49
         Rapier            |       |    47 |    40 |    96 |    65 |    17 |       ||   265
         Dagger            |       |       |    35 |    45 |       |       |       ||    80
         Scimitar          |       |       |       |       |     4 |     3 |       ||     7
         Demon blade       |       |       |       |       |       |   146 |    39 ||   185
         Quick blade       |       |       |       |       |       |       |     9 ||     9
         Long sword        |       |       |       |       |       |       |     1 ||     1
  Throw: Dart              |       |    17 |    25 |    63 |       |       |       ||   105
         Boomerang         |       |       |       |     1 |       |    17 |       ||    18
         Javelin           |       |       |       |       |       |       |     4 ||     4
   Cast: Magic Dart        |    39 |    77 |    62 |     7 |    35 |    18 |       ||   238
         Apportation       |    31 |    30 |    32 |    73 |    62 |    55 |    13 ||   296
         Vampiric Draining |     1 |    10 |    28 |    40 |    21 |    82 |    15 ||   197
         Blink             |       |     4 |     3 |     7 |    23 |    14 |    13 ||    64
         Scorch            |       |     8 |   146 |    74 |     3 |     7 |     5 ||   243
         Mephitic Cloud    |       |       |    13 |    51 |    28 |    14 |     8 ||   114
         Ignite Poison     |       |       |     9 |    80 |   166 |   177 |    61 ||   493
         Flame Wave        |       |       |       |     6 |       |       |       ||     6
         Lee's Rapid Decon |       |       |       |     7 |    26 |    25 |    30 ||    88
         Poisonous Vapours |       |       |       |    66 |   244 |   218 |    74 ||   602
         Freezing Cloud    |       |       |       |     9 |    41 |    39 |     6 ||    95
         Wereblood         |       |       |       |     6 |    26 |    30 |     8 ||    70
         Fireball          |       |       |       |     5 |     2 |     8 |       ||    15
         Sticky Flame      |       |       |       |       |    15 |    58 |    42 ||   115
         Olgreb's Toxic Ra |       |       |       |       |    26 |    64 |    21 ||   111
         Orb of Destructio |       |       |       |       |     4 |     9 |     3 ||    16
         Frozen Ramparts   |       |       |       |       |       |    23 |    28 ||    51
         Ozocubu's Refrige |       |       |       |       |       |     7 |     4 ||    11
         Iskenderun's Myst |       |       |       |       |       |       |     2 ||     2
  Evoke: Wand              |       |       |       |       |     8 |       |     1 ||     9
    Use: Scroll            |     1 |       |       |    18 |    11 |    11 |     5 ||    46
         Potion            |       |       |       |     1 |     1 |    10 |    12 ||    24
   Stab: Sleeping          |     1 |     2 |     3 |     6 |     4 |     6 |     4 ||    26
         Confused          |       |       |     1 |     4 |     1 |       |       ||     6
 Armour: Robe              |    24 |    12 |    36 |       |       |       |       ||    72
         Steam dragon scal |       |       |     4 |    53 |       |       |       ||    57
         Troll leather arm |       |       |       |    22 |    51 |   182 |       ||   255
         Ring mail         |       |       |       |       |       |   128 |    72 ||   200
         Skin              |       |       |       |       |       |       |     4 ||     4
  Dodge: Dodged            |    35 |    50 |   100 |   153 |   110 |   377 |    75 ||   900
  Block: Buckler           |     7 |    17 |    30 |    39 |    26 |   196 |    36 ||   351
         Reflection        |       |       |       |       |       |    17 |       ||    17
